[Event "Titled Tuesday Blitz April 25 Early 2023"]
[White "Bueno, Alfeu Junior Varela"]
[Black "Lach, Aleksandra"]
[WhiteFideId "2108879"]
[BlackFideId "1134299"]
[WhiteElo "2175"]
[BlackElo "2111"]
[Result "1-0"]
[Round "08"]
[TimeControl "180+2"]
[Date "2023.04.25"]
[WhiteClock "0:00:04"]
[BlackClock "0:00:06"]

1. e4 c5 2. Nc3 a6 3. g3 b5 4. Bg2 Bb7 5. d3 e6 6. f4 Nf6 7. Qe2 Qc7 8. e5 Nd5 9. Nxd5 Bxd5 10. Bxd5 exd5 11. Nf3 Nc6 12. O-O Be7 13. f5 O-O-O 14. c3 f6 15. Bf4 Qa7 16. a4 b4 17. Kh1 Rhe8 18. Qc2 Kb7 19. Qb3 fxe5 20. Nxe5 Bf6 21. Nf7 Ka8 22. Nxd8 Rxd8 23. Qxd5 Qb7 24. Rab1 Na5 25. Qxb7+ Kxb7 26. Rfe1 Nc6 27. Bd6 Kb6 28. Re4 a5 29. Rc1 Nb8 30. cxb4 axb4 31. Bxc5+ Ka6 32. Rxb4 Nc6 33. Rb6+ Ka5 34. Ra1 d6 35. Rxc6 dxc5 36. Rxc5+ Ka6 37. Rd1 Bxb2 38. d4 Ba3 39. Rc4 Ka5 40. Kg2 Bb4 41. Rb1 Bd6 42. Rb5+ Ka6 43. Rc6+ Ka7 44. Rd5 Re8 45. Rcxd6 Re2+ 46. Kh3 Ra2 47. Rd7+ Kb6 48. Rxg7 Kc6 49. Re5 Kd6 50. Rxh7 Rxa4 51. Rh6+ Kd7 52. Rb5 Rxd4 53. Rb7+ Kc8 54. Ra7 Kb8 55. Rg7 Kc8 56. Rh8+ 1-0


[Site "https://www.chess.com"]

[Event "Titled Tuesday Blitz April 25 Early 2023"]
[White "Rudzinska, Michalina"]
[Black "Kiseleva, Arina"]
[WhiteFideId "1172883"]
[BlackFideId "4164989"]
[WhiteElo "2219"]
[BlackElo "1708"]
[Result "0-1"]
[Round "08"]
[TimeControl "180+2"]
[Date "2023.04.25"]
[WhiteClock "0:00:01"]
[BlackClock "0:00:54"]

1. e4 c6 2. Nf3 d5 3. Nc3 dxe4 4. Nxe4 Nf6 5. Nxf6+ exf6 6. d4 Bd6 7. Bd3 O-O 8. O-O Bg4 9. h3 Bh5 10. g4 Bg6 11. Nh4 Bc7 12. Nf5 Bxf5 13. Bxf5 g6 14. Be4 Re8 15. Bg2 Qd6 16. f4 Nd7 17. Qd3 Rad8 18. Be3 Nb6 19. c4 Rxe3 20. Qxe3 Nxc4 21. Qc3 Qxd4+ 22. Qxd4 Rxd4 23. f5 Ne3 24. Rf2 Bb6 25. Re2 Nd5 26. Kh2 Nf4 27. Re8+ Kg7 28. Kg3 g5 0-1


[Site "https://www.chess.com"]

[Event "Titled Tuesday Blitz April 25 Early 2023"]
[White "Ciuffoletti, Paolo"]
[Black "Fuzesabonyilaci"]
[WhiteFideId "807630"]
[WhiteElo "2143"]
[BlackElo "2301"]
[Result "0-1"]
[Round "08"]
[TimeControl "180+2"]
[Date "2023.04.25"]
[WhiteClock "0:00:01"]
[BlackClock "0:00:19"]

1. e4 e5 2. Nf3 Nc6 3. Bc4 Nf6 4. d4 exd4 5. Ng5 d5 6. exd5 Ne5 7. Qe2 Qe7 8. O-O h6 9. Nf3 Nxf3+ 10. Qxf3 Qc5 11. Re1+ Be7 12. b3 b5 13. d6 cxd6 14. Qxa8 O-O 15. Rxe7 bxc4 16. Ba3 Qa5 17. Qxa7 Qg5 18. Qxd4 Bh3 19. g3 Ng4 20. Re1 Ne5 21. Nd2 Qxd2 22. Qxd2 Nf3+ 23. Kh1 Nxd2 24. Rad1 Nf3 25. Bxd6 Ra8 26. Re3 cxb3 27. axb3 Ng5 28. Be7 Ne6 29. f4 Ra2 30. c4 Bg2+ 31. Kg1 Bc6 32. Rc3 f6 33. b4 Kf7 34. b5 Be4 35. Bb4 Rg2+ 36. Kf1 Rxh2 37. Ke1 Bf3 38. Rd7+ Kg6 39. Rxf3 Rb2 40. Bc3 Rb1+ 41. Kd2 Kf5 42. Kc2 Rg1 43. b6 Nc5 44. b7 Nxd7 45. Rd3 Nb8 46. Rd8 Nc6 47. b8=Q Nxb8 48. Rxb8 Rxg3 49. c5 Re3 50. c6 Re7 0-1


[Site "https://www.chess.com"]

[Event "Titled Tuesday Blitz April 25 Early 2023"]
[White "Antonio, Jorge Carlos"]
[Black "Carrasco Miranda, Andres"]
[WhiteFideId "113190"]
[BlackFideId "3405990"]
[WhiteElo "2247"]
[BlackElo "2183"]
[Result "1/2-1/2"]
[Round "08"]
[TimeControl "180+2"]
[Date "2023.04.25"]
[WhiteClock "0:00:05"]
[BlackClock "0:00:06"]

1. d4 Nf6 2. Nf3 g6 3. c4 Bg7 4. Nc3 d5 5. Bg5 Ne4 6. Bh4 Nxc3 7. bxc3 dxc4 8. e3 b5 9. a4 c6 10. axb5 cxb5 11. Qb1 a6 12. Be2 O-O 13. Qb4 Nc6 14. Qc5 Bb7 15. O-O Re8 16. Nd2 Rc8 17. Bg4 Rc7 18. Bg3 e5 19. Qb6 h5 20. Bf3 h4 21. Bxe5 Bxe5 22. Ne4 Bg7 23. Nc5 Bc8 24. Bxc6 Qd6 25. d5 Bxc3 26. Nxa6 Rxc6 27. dxc6 Bxa1 28. Rxa1 Re6 29. Qxb5 Qxc6 30. Qxc6 Rxc6 31. Nb4 Rc5 32. Kf1 h3 33. g3 Kg7 34. Ke1 c3 35. Rc1 Be6 36. Nd3 Rc8 37. Nf4 Bb3 38. Nxh3 Kf6 39. Nf4 Ke5 40. Ne2 c2 41. Nd4 Ba4 42. Kd2 Ke4 43. f3+ Kd5 44. Nxc2 Bxc2 45. Rxc2 Ra8 46. Rb2 Ke5 47. h4 Ra3 48. Rc2 Rb3 49. Rc3 Rb2+ 50. Kd3 Rg2 51. g4 Rh2 52. Rc5+ Kd6 53. Ra5 Rxh4 54. Ke4 Rh1 55. Ra7 Ke6 56. f4 Rb1 57. Ra6+ Ke7 58. Ra4 Ke6 59. g5 Rb2 60. Ra6+ Ke7 61. Ke5 Rb5+ 62. Kd4 Rb4+ 63. Kd3 Rb3+ 64. Ke4 Rb4+ 65. Kf3 Rb3 66. Ra4 Rb1 67. Ke4 Rb2 68. Rd4 Rb1 69. Kf3 Rb3 70. Ke4 Rb2 71. Kf3 Rb1 72. Ke4 Rb2 73. Kf3 Rb1 74. Ke4 Rb2 1/2-1/2


[Site "https://www.chess.com"]

[Event "Titled Tuesday Blitz April 25 Early 2023"]
[White "Chakravarthi Reddy, M"]
[Black "Maluco_do_Natal_00"]
[WhiteFideId "25009532"]
[WhiteElo "2201"]
[BlackElo "2008"]
[Result "1-0"]
[Round "08"]
[TimeControl "180+2"]
[Date "2023.04.25"]
[WhiteClock "0:00:44"]
[BlackClock "0:00:01"]

1. e4 c5 2. Nf3 Nc6 3. Bb5 e6 4. O-O Nge7 5. Re1 e5 6. c3 d6 7. d4 Bd7 8. Bc4 h6 9. Qb3 Be6 10. Bxe6 fxe6 11. Qxe6 Qd7 12. Qb3 cxd4 13. cxd4 exd4 14. Nbd2 O-O-O 15. Nc4 Ng6 16. Bd2 Be7 17. Rac1 Kb8 18. e5 dxe5 19. Ncxe5 Ngxe5 20. Nxe5 Nxe5 21. Rxe5 Bd6 22. Re4 Rhe8 23. Rxe8 Rxe8 24. g3 Qe6 25. Qa4 Rd8 26. Qxd4 Bc7 27. Qxg7 Rd7 28. Qf8+ Rd8 29. Qb4 Qxa2 30. Bxh6 Qe6 31. Be3 Qd7 32. h4 a6 33. Qc5 1-0


[Site "https://www.chess.com"]

[Event "Titled Tuesday Blitz April 25 Early 2023"]
[White "Clawitter, Craig"]
[Black "Castillo Pena, Patricia Evarista"]
[WhiteFideId "2023105"]
[BlackFideId "6412106"]
[WhiteElo "2217"]
[BlackElo "1919"]
[Result "0-1"]
[Round "08"]
[TimeControl "180+2"]
[Date "2023.04.25"]
[WhiteClock "0:00:07"]
[BlackClock "0:00:05"]

1. e4 c5 2. Nf3 d6 3. d4 cxd4 4. Nxd4 Nf6 5. Nc3 a6 6. Be3 e5 7. Nb3 Be7 8. f3 Be6 9. Qd2 Nbd7 10. O-O-O b5 11. g4 Nb6 12. Na5 Rc8 13. Kb1 Qc7 14. g5 Nh5 15. Bxb6 Qxb6 16. Nd5 Bxd5 17. exd5 Nf4 18. h4 Nxd5 19. Qxd5 Qxa5 20. Bh3 O-O 21. Bxc8 Rxc8 22. g6 hxg6 23. h5 gxh5 24. Rxh5 Bf6 25. Rdh1 g6 26. Rh7 Qc7 27. Qb3 Bg7 28. R7h2 e4 29. fxe4 Be5 30. Rd2 a5 31. a3 b4 32. axb4 axb4 33. Rhd1 Kg7 34. Rd5 Qc4 35. Qxc4 Rxc4 36. Rxd6 Bxd6 37. Rxd6 Rxe4 38. Ka2 g5 39. Rd5 g4 40. Rg5+ Kf6 41. Rg8 Kf5 42. Kb3 Kf4 43. c3 bxc3 44. bxc3 f5 45. c4 g3 46. c5 Re3+ 47. Kc4 Re1 48. Kd5 Kf3 49. c6 Rc1 50. Kd6 f4 51. Kd7 g2 52. c7 Rxc7+ 53. Kxc7 Kf2 54. Kd6 f3 55. Ke5 g1=Q 56. Rxg1 Kxg1 57. Kf4 f2 0-1


[Site "https://www.chess.com"]

[Event "Titled Tuesday Blitz April 25 Early 2023"]
[White "Lohani, Sujana"]
[Black "dDobravcan"]
[WhiteFideId "12311987"]
[WhiteElo "1718"]
[BlackElo "2147"]
[Result "0-1"]
[Round "08"]
[TimeControl "180+2"]
[Date "2023.04.25"]
[WhiteClock "0:00:01"]
[BlackClock "0:00:44"]

1. d4 d6 2. Nf3 Bg4 3. c4 Nd7 4. Nc3 e5 5. dxe5 dxe5 6. e4 Ngf6 7. Be2 c6 8. O-O Be7 9. Qc2 O-O 10. Rd1 Qc7 11. Be3 h6 12. a3 a5 13. Rab1 Rfe8 14. b4 Nf8 15. c5 axb4 16. axb4 Ne6 17. Na4 Nf4 18. Nb6 Rad8 19. Nc4 Nxe2+ 20. Qxe2 Nxe4 21. h3 Nc3 22. Qc2 Nxd1 23. hxg4 Nxe3 24. Nxe3 Bf8 25. Nf5 e4 26. Nd2 Qf4 27. Nc4 Qxg4 28. Nfd6 Bxd6 29. Nxd6 Re6 30. Nxb7 Rd5 31. Re1 Rg5 32. g3 e3 33. Qe2 Qxb4 34. fxe3 Rxg3+ 35. Kf2 Qh4 36. Kf1 Rf6+ 37. Qf2 Rgf3 0-1


[Site "https://www.chess.com"]

[Event "Titled Tuesday Blitz April 25 Early 2023"]
[White "Sanchez, Robert"]
[Black "Jaivardhan Raj"]
[WhiteFideId "2034360"]
[BlackFideId "25744437"]
[WhiteElo "1938"]
[BlackElo "1772"]
[Result "0-1"]
[Round "08"]
[TimeControl "180+2"]
[Date "2023.04.25"]
[WhiteClock "0:01:05"]
[BlackClock "0:00:22"]

1. Nf3 Nc6 2. e3 Nf6 3. c4 g6 4. Nc3 Bg7 5. d4 d6 6. Be2 O-O 7. O-O Bg4 8. h3 Bxf3 9. Bxf3 Rb8 10. Bxc6 bxc6 11. Qa4 Qd7 12. b3 Rb7 13. Bb2 Rfb8 14. Rad1 Kf8 15. e4 c5 16. e5 Qxa4 17. Nxa4 Nd7 18. dxc5 Nxc5 19. Nxc5 dxc5 20. Rd5 a5 21. Rfd1 Ke8 22. Rxc5 a4 23. Bd4 axb3 24. axb3 Rd8 25. Rd5 Rxd5 26. cxd5 Rxb3 27. f4 Bh6 28. e6 fxe6 29. dxe6 Bxf4 30. Ra1 Rb8 31. Bg7 Be3+ 32. Kh1 Bf4 33. Rf1 g5 34. g3 Rb3 35. gxf4 Rxh3+ 36. Kg2 Rh5 37. Ra1 0-1


[Site "https://www.chess.com"]

[Event "Titled Tuesday Blitz April 25 Early 2023"]
[White "Necula, Iulian"]
[Black "Vargas, Mauricio"]
[WhiteFideId "1232380"]
[BlackFideId "4404572"]
[WhiteElo "1790"]
[BlackElo "1998"]
[Result "1-0"]
[Round "08"]
[TimeControl "180+2"]
[Date "2023.04.25"]
[WhiteClock "0:01:58"]
[BlackClock "0:00:03"]

1. d4 c6 2. Nc3 Nf6 3. Bf4 d6 4. e4 g6 5. h4 Bg7 6. Be2 h5 7. Nf3 O-O 8. Qd2 Kh7 9. O-O-O Bg4 10. Kb1 Bxf3 11. Bxf3 c5 12. e5 dxe5 13. dxe5 Qxd2 14. Rxd2 Ng4 15. Bxb7 Nd7 16. Bxa8 Rxa8 17. Rxd7 Nxe5 18. Bxe5 Bxe5 19. Rxe7 Bg7 20. Rxf7 Rb8 21. Kc1 Kg8 22. Rxa7 Bh6+ 23. Kd1 Rd8+ 24. Ke2 Rd2+ 25. Kf3 Rxc2 26. Rb1 Rd2 27. Ne4 Rd3+ 28. Ke2 Rd4 29. Nf6+ 1-0


[Site "https://www.chess.com"]

[Event "Titled Tuesday Blitz April 25 Early 2023"]
[White "Vidruska, Renate"]
[Black "Prado, Alexandra"]
[WhiteFideId "11601841"]
[BlackFideId "3301346"]
[WhiteElo "1976"]
[BlackElo "1759"]
[Result "1-0"]
[Round "08"]
[TimeControl "180+2"]
[Date "2023.04.25"]
[WhiteClock "0:00:39"]
[BlackClock "0:00:01"]

1. e4 c5 2. Nc3 g6 3. f4 Nc6 4. Nf3 Bg7 5. g3 d6 6. Bg2 Bg4 7. O-O Nf6 8. d3 Qb6 9. Ne2 O-O 10. h3 Bxf3 11. Bxf3 Nd4 12. Bg2 Nh5 13. Kh2 e6 14. g4 Nf6 15. c3 Nxe2 16. Qxe2 Nd7 17. f5 exf5 18. gxf5 Qc7 19. Bf4 gxf5 20. exf5 Rae8 21. Qg4 Nf6 22. Qh4 Qd7 23. Bg5 Re2 24. Bxf6 Qc6 25. Rg1 1-0


[Site "https://www.chess.com"]

[Event "Titled Tuesday Blitz April 25 Early 2023"]
[White "Faci, Fadil"]
[Black "Larina, Maria"]
[WhiteFideId "4645162"]
[BlackFideId "24113182"]
[WhiteElo "2152"]
[BlackElo "1848"]
[Result "1-0"]
[Round "08"]
[TimeControl "180+2"]
[Date "2023.04.25"]
[WhiteClock "0:00:37"]
[BlackClock "0:00:04"]

1. e4 c6 2. d4 d5 3. Nc3 dxe4 4. Nxe4 Nf6 5. Nxf6+ exf6 6. Nf3 Bd6 7. Bd3 O-O 8. O-O Bg4 9. h3 Bh5 10. c3 Re8 11. Be3 Nd7 12. Re1 Nf8 13. a3 Bc7 14. g4 Bg6 15. Kg2 Qd6 16. Qd2 c5 17. Bxg6 hxg6 18. dxc5 Qc6 19. b4 Rad8 20. Qc2 Ne6 21. Rad1 Bf4 22. Rxd8 Rxd8 23. a4 a6 24. c4 Bxe3 25. fxe3 Ng5 26. Rf1 Re8 27. Qd3 Qxa4 28. Nxg5 fxg5 29. Qd5 Re6 30. Qxb7 Rf6 31. Rxf6 gxf6 32. Qb8+ Kg7 33. Qd6 Qc2+ 34. Kf3 Qxc4 35. Qd4 Qf1+ 36. Ke4 Qg2+ 37. Kd3 Qf1+ 38. Kc3 Qa1+ 39. Kc4 Qa2+ 40. Kd3 Qb1+ 41. Ke2 Qa2+ 42. Kf3 1-0


[Site "https://www.chess.com"]

[Event "Titled Tuesday Blitz April 25 Early 2023"]
[White "Gupta, Abhijeet"]
[Black "So, Wesley"]
[WhiteFideId "5010608"]
[BlackFideId "5202213"]
[WhiteElo "2528"]
[BlackElo "2749"]
[Result "0-1"]
[Round "09"]
[TimeControl "180+2"]
[Date "2023.04.25"]
[WhiteClock "0:00:05"]
[BlackClock "0:00:56"]

1. d4 Nf6 2. Nf3 d5 3. Bf4 c5 4. e3 Nc6 5. Nbd2 Qb6 6. dxc5 Qxb2 7. Rb1 Qc3 8. Bb5 e6 9. O-O Be7 10. e4 O-O 11. e5 Nd7 12. Rb3 Qa5 13. Bd3 g6 14. c4 Nxc5 15. Rb5 Qc7 16. cxd5 exd5 17. Bb1 a6 18. Rxc5 Bxc5 19. Nb3 Be7 20. Qd2 Bg4 21. e6 Bd6 22. Bxd6 Qxd6 23. exf7+ Rxf7 24. Ng5 Rff8 25. h3 Bf5 26. Bxf5 Rxf5 27. Ne4 Qf4 28. Qxf4 Rxf4 29. Nd6 b5 30. Re1 Rd8 31. Nb7 Rd7 32. N7c5 Re7 33. Rd1 a5 34. Rxd5 a4 35. Nd2 Rd4 36. Rxd4 Nxd4 37. Nde4 b4 38. Nf6+ Kg7 39. Nd5 Re5 0-1


[Site "https://www.chess.com"]

[Event "Titled Tuesday Blitz April 25 Early 2023"]
[White "Nakamura, Hikaru"]
[Black "Mamedyarov, Shakhriyar"]
[WhiteFideId "2016192"]
[BlackFideId "13401319"]
[WhiteElo "2885"]
[BlackElo "2704"]
[Result "1-0"]
[Round "09"]
[TimeControl "180+2"]
[Date "2023.04.25"]
[WhiteClock "0:00:27"]
[BlackClock "0:00:13"]

1. Nf3 Nf6 2. e3 g6 3. b3 Bg7 4. d4 O-O 5. Bb2 d6 6. Be2 c5 7. O-O cxd4 8. Nxd4 d5 9. Nf3 Nc6 10. c4 dxc4 11. Bxc4 b6 12. Qe2 Bb7 13. Nc3 Rc8 14. Rac1 Qc7 15. Ba6 Rfd8 16. a3 Qb8 17. b4 Ng4 18. Bxb7 Qxb7 19. Nb1 Nge5 20. Nd4 Nxd4 21. Bxd4 Nd7 22. Bxg7 Kxg7 23. Nd2 Ne5 24. Nb3 Qe4 25. Rxc8 Rxc8 26. Nd4 Nc6 27. Nf3 Ne5 28. Nd4 Nc6 29. Qa6 Rc7 30. Qc4 a6 31. a4 b5 32. axb5 axb5 33. Qc3 Qe5 34. Rc1 Rd7 35. Qxc6 1-0


[Site "https://www.chess.com"]

[Event "Titled Tuesday Blitz April 25 Early 2023"]
[White "Caruana, Fabiano"]
[Black "Chigaev, Maksim"]
[WhiteFideId "2020009"]
[BlackFideId "4108116"]
[WhiteElo "2837"]
[BlackElo "2547"]
[Result "1-0"]
[Round "09"]
[TimeControl "180+2"]
[Date "2023.04.25"]
[WhiteClock "0:00:15"]
[BlackClock "0:00:04"]

1. d4 Nf6 2. c4 g6 3. Nc3 Bg7 4. e4 d6 5. Nge2 O-O 6. h3 a5 7. Ng3 h5 8. Be2 Nc6 9. d5 h4 10. Nf1 Ne5 11. Bg5 c6 12. Ne3 a4 13. a3 cxd5 14. cxd5 b5 15. O-O Ba6 16. Bxh4 Qb6 17. Nc2 Rfc8 18. Nb4 Bb7 19. Rc1 Bh6 20. Rc2 Nc4 21. Bxc4 bxc4 22. Kh1 Bf4 23. Ne2 Bh6 24. Nc3 Bf4 25. Qf3 Be5 26. Bg3 Nd7 27. Qg4 Nf6 28. Qh4 Kg7 29. Bxe5 dxe5 30. Qg3 Qd6 31. Qe3 Nh5 32. Ne2 e6 33. Rd2 exd5 34. Nxd5 Qc5 35. Qxc5 Rxc5 36. Nec3 Bc6 37. Kh2 Rb8 38. Nb4 Be8 39. g3 Nf6 40. Rfd1 Rb7 41. Kg2 Bd7 42. f3 Be6 43. g4 Rc8 44. Kg3 g5 45. Nxa4 Nh7 46. Nc3 Nf8 47. Rd8 Rbb8 48. Rxc8 Rxc8 49. Rd2 Ng6 50. Nbd5 Nf4 51. Nxf4 exf4+ 52. Kg2 Kf6 53. Rd1 Ke5 54. a4 Rb8 55. Rd2 Rb7 56. Kf2 Rb8 57. Ke1 Rb7 58. Kd1 f6 59. Kc2 Rh7 60. Rh2 Kd4 61. Kd2 Rb7 62. Nb5+ Kc5 63. Kc2 Rd7 64. Nc3 Rd3 65. Rf2 Rd7 66. Rf1 Rh7 67. Rh1 Rd7 68. a5 Rh7 69. a6 Kb6 70. Ra1 Bc8 71. a7 Bb7 72. a8=Q Bxa8 73. Rxa8 Rxh3 74. Nd5+ Kc5 75. Ra3 Kd4 76. Nxf6 Rh2+ 77. Kb1 1-0


[Site "https://www.chess.com"]

[Event "Titled Tuesday Blitz April 25 Early 2023"]
[White "Naroditsky, Daniel"]
[Black "Deac, Bogdan-Daniel"]
[WhiteFideId "2026961"]
[BlackFideId "1226380"]
[WhiteElo "2633"]
[BlackElo "2649"]
[Result "0-1"]
[Round "09"]
[TimeControl "180+2"]
[Date "2023.04.25"]
[WhiteClock "0:00:02"]
[BlackClock "0:00:06"]

1. e4 e5 2. Nf3 Nf6 3. d4 Nxe4 4. Bd3 d5 5. Nxe5 Bd6 6. O-O O-O 7. Nc3 Nxc3 8. bxc3 Nd7 9. Re1 c5 10. Bf4 c4 11. Be2 Nb6 12. Qd2 f6 13. Nf3 Bxf4 14. Qxf4 Na4 15. h4 Nxc3 16. Bf1 Nb5 17. h5 Qc7 18. Qd2 Bg4 19. a4 Nd6 20. Qf4 Bxh5 21. Re6 Rad8 22. Rae1 Bf7 23. R6e3 Rfe8 24. Nh4 Rxe3 25. Rxe3 Re8 26. Rg3 Qe7 27. Be2 g5 28. Nf5 Nxf5 29. Qxf5 Qe6 30. Bg4 Qxf5 31. Bxf5 Re1+ 32. Kh2 Ra1 33. Bd7 Kf8 34. Re3 Ra2 35. Bf5 h5 36. Re1 Rxa4 37. Rb1 b6 38. Rb2 Ke7 39. Rb1 h4 40. Re1+ Kd6 41. Kh3 b5 42. Kg4 b4 43. Rb1 a5 44. f4 gxf4 45. Ra1 Rxa1 0-1


[Site "https://www.chess.com"]

[Event "Titled Tuesday Blitz April 25 Early 2023"]
[White "Firouzja, Alireza"]
[Black "Tactrics"]
[WhiteFideId "12573981"]
[WhiteElo "2904"]
[BlackElo "2962"]
[Result "1-0"]
[Round "09"]
[TimeControl "180+2"]
[Date "2023.04.25"]
[WhiteClock "0:00:07"]
[BlackClock "0:00:01"]

1. d4 e6 2. e4 d5 3. e5 c5 4. c3 Nc6 5. Nf3 Qb6 6. a3 c4 7. Be2 Na5 8. Nbd2 Bd7 9. Rb1 Qc7 10. O-O Ne7 11. Ng5 Nc8 12. f4 Nb6 13. Qe1 g6 14. g4 Ba4 15. Bd1 Be7 16. Ndf3 h6 17. Nh3 h5 18. Nf2 hxg4 19. Nxg4 O-O-O 20. Be3 Bxd1 21. Rxd1 Rdf8 22. Rd2 Nc6 23. Rg2 Bd8 24. Bf2 Ne7 25. Bh4 Nf5 26. Bf6 Rh5 27. Ng5 Nd7 28. h3 Kb8 29. a4 a6 30. Qa1 Bxf6 31. exf6 Qd6 32. a5 Nh6 33. Qe1 Nxg4 34. hxg4 Rh6 35. Qe3 Rhh8 36. f5 exf5 37. gxf5 Nxf6 38. Qe5 Ne8 39. Nxf7 Qxe5 40. Nxe5 Rxf5 41. Rxg6 Rxf1+ 42. Kxf1 Kc7 43. Re6 Nd6 44. Re7+ Kc8 45. Rg7 Rh2 46. Nd7 Ne4 47. Nb6+ Kb8 48. Nxd5 Rxb2 49. Rg8+ Ka7 50. Re8 Rb1+ 51. Ke2 Nd6 52. Rd8 Nb5 53. Kd2 Rb2+ 54. Kc1 Rb3 55. Nb6 Nc7 56. Rc8 Rxb6 57. axb6+ Kxb6 58. Kb2 Kc6 59. Rh8 b5 60. Rh6+ Kb7 61. Rd6 a5 62. Kc2 Ne8 63. Re6 Nc7 64. Rh6 Nd5 65. Rh5 Kc6 66. Rh6+ Kc7 67. Ra6 a4 68. Kb2 Kb7 69. Rh6 Kc7 70. Rh5 Kc6 71. Rh6+ Kc7 72. Rh3 Kc6 73. Ka3 Kc7 74. Rg3 Kc6 75. Kb2 Kc7 76. Rg6 Kb7 77. Rd6 Nb6 78. d5 Kc7 79. Rc6+ Kb7 80. Rc5 Ka6 81. d6 Nd7 82. Rc7 Ne5 83. d7 1-0


[Site "https://www.chess.com"]

[Event "Titled Tuesday Blitz April 25 Early 2023"]
[White "Svane, Frederik"]
[Black "Bluebaum, Matthias"]
[WhiteFideId "12923044"]
[BlackFideId "24651516"]
[WhiteElo "2502"]
[BlackElo "2638"]
[Result "1-0"]
[Round "09"]
[TimeControl "180+2"]
[Date "2023.04.25"]
[WhiteClock "0:00:53"]
[BlackClock "0:00:09"]

1. c3 d5 2. Nf3 Nf6 3. d4 c5 4. g3 cxd4 5. cxd4 Nc6 6. Bg2 Bf5 7. O-O e6 8. Nc3 h6 9. Ne5 Qb6 10. Nxc6 Qxc6 11. Bf4 Be7 12. Rc1 Qd7 13. Qa4 a6 14. Qxd7+ Nxd7 15. e4 dxe4 16. Nxe4 g5 17. Nd6+ Kf8 18. Be5 f6 19. Nxf5 fxe5 20. Nxe7 Kxe7 21. dxe5 Nxe5 22. Rc7+ Kf6 23. f4 Nd3 24. fxg5+ Ke5 25. g6 Rhg8 26. g7 Kd6 27. Rxb7 Nc5 28. Rbf7 Rab8 29. b3 a5 30. Rf8 Nd7 31. Rxb8 Rxb8 32. Be4 Rg8 33. Rf7 Ne5 34. Bh7 Rb8 35. g8=Q Rxg8 36. Bxg8 Nd3 37. Rh7 Nc1 38. Rxh6 Nxa2 39. Rxe6+ Kc5 40. h4 Kb4 41. h5 Nc1 42. h6 Nd3 43. h7 Nc5 44. Rb6+ Ka3 45. h8=Q Ka2 46. b4+ Nb3 47. bxa5 Kb1 48. Rxb3+ Kc1 49. Qc3+ Kd1 50. Bd5 Ke2 51. Bf3# 1-0


[Site "https://www.chess.com"]

[Event "Titled Tuesday Blitz April 25 Early 2023"]
[White "Steinberg, Nitzan"]
[Black "Moussard, Jules"]
[WhiteFideId "2801795"]
[BlackFideId "642908"]
[WhiteElo "2486"]
[BlackElo "2610"]
[Result "0-1"]
[Round "09"]
[TimeControl "180+2"]
[Date "2023.04.25"]
[WhiteClock "0:00:46"]
[BlackClock "0:01:26"]

1. e4 c5 2. Nf3 d6 3. d4 cxd4 4. Nxd4 Nf6 5. Nc3 a6 6. h4 e5 7. Nb3 Be6 8. f4 exf4 9. Bxf4 Nc6 10. Qd3 Ne5 11. Qd2 Be7 12. O-O-O Rc8 13. Kb1 O-O 14. Nd4 b5 15. Nf5 b4 16. Bxe5 bxc3 17. Qg5 Bxf5 18. exf5 Qb6 19. Bxc3 Rxc3 20. Bd3 Nd5 21. f6 Bxf6 22. Qc1 Rb8 0-1


[Site "https://www.chess.com"]

[Event "Titled Tuesday Blitz April 25 Early 2023"]
[White "MaryanKyrychenko"]
[Black "Duda, Jan-Krzysztof"]
[BlackFideId "1170546"]
[WhiteElo "2587"]
[BlackElo "2790"]
[Result "0-1"]
[Round "09"]
[TimeControl "180+2"]
[Date "2023.04.25"]
[WhiteClock "0:00:05"]
[BlackClock "0:00:35"]

1. e4 c6 2. d4 d5 3. e5 Bf5 4. Nf3 e6 5. Be2 Ne7 6. O-O h6 7. Nbd2 a5 8. a4 Nd7 9. Nb3 g5 10. Bd3 Bg7 11. Bxf5 Nxf5 12. g4 Ne7 13. Qd3 Qc7 14. Bd2 Ng6 15. Rac1 Bf8 16. h4 gxh4 17. Nh2 h5 18. g5 c5 19. c4 dxc4 20. Rxc4 Qc6 21. Nxa5 Qd5 22. Qf3 b6 23. Nb3 Be7 24. Rfc1 O-O 0-1


[Site "https://www.chess.com"]

[Event "Titled Tuesday Blitz April 25 Early 2023"]
[White "WindWhistler11"]
[Black "Korobov, Anton"]
[BlackFideId "14105730"]
[WhiteElo "2539"]
[BlackElo "2638"]
[Result "0-1"]
[Round "09"]
[TimeControl "180+2"]
[Date "2023.04.25"]
[WhiteClock "0:00:01"]
[BlackClock "0:01:12"]

1. Nf3 Nf6 2. g3 g6 3. Bg2 Bg7 4. O-O O-O 5. b3 Ne4 6. c3 d5 7. Bb2 c5 8. d3 Nd6 9. Nfd2 e6 10. Qc2 Nc6 11. c4 Nd4 12. Bxd4 Bxd4 13. Nc3 Nf5 14. e3 Bg7 15. cxd5 exd5 16. Nxd5 Bxa1 17. Rxa1 Be6 18. Nf4 Qe7 19. Rc1 Rac8 20. Ne4 b6 21. Qc3 f6 22. h4 Nd6 23. h5 g5 24. Ne2 Nxe4 25. Bxe4 Bg4 26. f3 Bxh5 27. Qc4+ Bf7 28. Qc2 Be6 29. g4 f5 30. gxf5 Bxf5 31. Ng3 Bxe4 32. Nxe4 Rxf3 33. Qg2 Rxe3 34. Rf1 Rxe4 35. dxe4 Rf8 36. Re1 Qe5 37. Qg4 Qf4 38. Qe6+ Kh8 0-1


[Site "https://www.chess.com"]

[Event "Titled Tuesday Blitz April 25 Early 2023"]
[White "Henriquez Villagra, Cristobal"]
[Black "Sarana, Alexey"]
[WhiteFideId "3409350"]
[BlackFideId "24133795"]
[WhiteElo "2542"]
[BlackElo "2714"]
[Result "0-1"]
[Round "09"]
[TimeControl "180+2"]
[Date "2023.04.25"]
[WhiteClock "0:00:08"]
[BlackClock "0:00:11"]

1. e4 c5 2. Nc3 d6 3. g3 g6 4. Bg2 Bg7 5. d3 Nc6 6. f4 e6 7. Nf3 Nge7 8. O-O O-O 9. Be3 Nd4 10. Kh1 Rb8 11. g4 f5 12. gxf5 exf5 13. Ne2 Nxf3 14. Bxf3 Bxb2 15. Rb1 Bg7 16. Qd2 b6 17. Bf2 Bb7 18. Bh4 Qd7 19. Ng3 fxe4 20. dxe4 Nc6 21. Bg2 Rbe8 22. Rbe1 Qg4 23. Bg5 h6 24. Bf3 Qh3 25. Bg2 Qd7 26. Bh4 Qg4 27. Qxd6 Qxh4 28. e5 Qe7 29. Qxg6 Nd4 30. f5 Qf7 31. Qg4 Bxg2+ 32. Kxg2 Qd5+ 33. Kh3 Rxe5 34. Nh5 Rf7 35. Rxe5 Qxe5 36. f6 Ne6 37. Nxg7 Nxg7 38. Qg6 Qh5+ 0-1


[Site "https://www.chess.com"]

[Event "Titled Tuesday Blitz April 25 Early 2023"]
[White "Indjic, Aleksandar"]
[Black "Andreikin, Dmitry"]
[WhiteFideId "911925"]
[BlackFideId "4158814"]
[WhiteElo "2614"]
[BlackElo "2736"]
[Result "0-1"]
[Round "09"]
[TimeControl "180+2"]
[Date "2023.04.25"]
[WhiteClock "0:00:12"]
[BlackClock "0:01:09"]

1. e4 c5 2. Nf3 Nc6 3. d4 cxd4 4. Nxd4 Qb6 5. Nb3 e6 6. Nc3 Qc7 7. Bd3 a6 8. a3 b5 9. f4 Bb7 10. Be3 b4 11. axb4 Nxb4 12. O-O Nf6 13. Bd4 Be7 14. Qe2 O-O 15. e5 Nfd5 16. Ne4 Nxd3 17. Qxd3 Nb4 18. Qe2 Qxc2 19. Ned2 Qd3 20. Qxd3 Nxd3 21. f5 Rfc8 22. f6 gxf6 23. exf6 Bb4 24. Rad1 Rc2 25. Nf3 Nf4 26. Rf2 Rac8 27. Nfd2 Nd3 28. Re2 e5 29. Bxe5 Re8 30. Re3 Nxe5 31. Rg3+ Ng6 0-1


[Site "https://www.chess.com"]